 Dungeon Crawl Stone Soup version 0.29-a0-551-gffc1d7fb78 (webtiles) character file.

Game seed: 8600873969250050900

25 NateTC the Chopper (level 3, -2/31 HPs)
             Began as a Hill Orc Fighter on June 5, 2022.
             Slain by Terence
             ... wielding a +0 mace
              (6 damage)
             ... on level 2 of the Dungeon.
             The game lasted 00:01:49 (1307 turns).

NateTC the Chopper (Hill Orc Fighter)               Turns: 1307, Time: 00:01:50

Health: -2/31      AC:  6    Str: 20    XL:     3   Next: 4%
Magic:  3/3        EV:  9    Int:  8    God:
Gold:   36         SH:  4    Dex: 10    Spells: 2/2 levels left

rFire   . . .      SeeInvis .   a - +0 war axe
rCold   . . .      Faith    .   c - +0 buckler
rNeg    . . .      Spirit   .   b - +0 scale mail
rPois   .          Reflect  .   (no helmet)
rElec   .          Harm     .   (no cloak)
rCorr   .          Rampage  .   (no gloves)
Will    .....                   (no boots)
Stlth   ..........              (no amulet)
HPRegen 0.10/turn               (no ring)
MPRegen 0.08/turn               (no ring)

@: no status effects
A: no striking features
a: no special abilities


You were on level 2 of the Dungeon.
You visited 1 branch of the dungeon, and saw 2 of its levels.

You collected 36 gold pieces.

Inventory:

Hand Weapons
 a - a +0 war axe (weapon)
Armour
 b - a +0 scale mail (worn)
 c - a +0 buckler (worn)
Scrolls
 g - 2 scrolls of blinking
Potions
 d - a potion of might
 e - 3 potions of curing {unknown}


   Skills:
 - Level 3.6 Fighting
 * Level 4.6 Axes
 - Level 3.2 Armour
 - Level 3.2 Shields


You had 2 spell levels left.
You didn't know any spells.
Your spell library was empty.

Dungeon Overview and Level Annotations

Branches:
Dungeon (2/15)

Altars:

Annotations:
D:2 Terence


Message History

Your experience leads to an increase in your attributes!
Increase (S)trength, (I)ntelligence, or (D)exterity?
You feel stronger. x2
The kobold throws a stone.
The stone hits you.
Terence the Incautious comes into view.
He is wielding a +0 mace.
You see here a bat corpse.
The kobold barely misses you.
You barely miss the kobold. The kobold hits you but does no damage.
You miss the kobold. The kobold hits you but does no damage.
The kobold hits you with a +0 short sword.
Terence hits you with a +0 mace.
You closely miss Terence. You miss the kobold. Terence hits you with a +0 mace.
The kobold hits you but does no damage.
You barely miss Terence. You barely miss the kobold.
The kobold hits you but does no damage. Terence hits you but does no damage.
You hit Terence.
Terence is lightly wounded.
You closely miss the kobold.
The kobold hits you with a +0 short sword.
Terence hits you with a +0 mace.
You hit Terence.
Terence is moderately wounded.
You barely miss the kobold. The kobold hits you but does no damage.
Terence hits you with a +0 mace! Terence barely misses you.
The kobold hits you with a +0 short sword.
* * * LOW HITPOINT WARNING * * *
You hit Terence.
Terence is moderately wounded.
You hit the kobold. The kobold hits you but does no damage.
Terence hits you with a +0 mace.
* * * LOW HITPOINT WARNING * * *
You hit Terence.
Terence is moderately wounded.
You miss the kobold. The kobold closely misses you.
Terence hits you but does no damage.
You hit Terence.
Terence is heavily wounded.
You hit the kobold but do no damage. You block the kobold's attack.
Terence hits you with a +0 mace.
You die...

#####
##...##
##8.>.8##
#......!#
#.<.8.<.#
#.†..@..#
##8.K@8##
##...##
##.## #..
#..# ##..
###


You could see Terence and a kobold.

Vanquished Creatures
  2 ball pythons (D:1)
  2 bats
  6 endoplasms
  A giant cockroach (D:1)
  A goblin (D:1)
  A hobgoblin (D:1)
  2 kobolds (D:1)
  A quokka (D:1)
  3 frilled lizards (D:1)
  3 rats (D:1)
22 creatures vanquished.

Vanquished Creatures (others)
  7 plants (D:1)
7 creatures vanquished.

Grand Total: 29 creatures vanquished

Notes
Turn   | Place    | Note
-------+----------+-------------------------------------------
     0 | D:1      | NateTC the Hill Orc Fighter began the quest for the Orb.
     0 | D:1      | Reached XP level 1. HP: 19/19 MP: 1/1
   193 | D:1      | Reached skill level 3 in Axes
   474 | D:1      | Reached XP level 2. HP: 26/26 MP: 2/2
   540 | D:1      | Found a faded altar of an unknown god.
   657 | D:1      | Reached skill level 4 in Axes
  1295 | D:2      | Reached XP level 3. HP: 31/31 MP: 3/3
  1295 | D:2      | Noticed Terence
  1307 | D:2      | Slain by Terence

Illustrated notes

Levels and vault maps discovered:
D:1:      dpeg_arrival_arbitrary_b, layout_basic,
          shapermc_ecumenical_altar_flowoftime, serial_bayou_lake_a
D:2:      layout_loops_ring, grunt_ministairs_7, uniq_terence

Skill      XL: |  1  2 |
---------------+-------+-----
Axes           | 3 4 |  4.6
Fighting       | |  3.6
Armour         | |  3.2
Shields        | |  3.2

Action                   || total
-------------------------++-------
Melee: War axe           ||    64
  Use: Scroll            ||     3
Armor: Scale mail        ||    25
Dodge: Dodged            ||    22
Block: Buckler           ||    13

Table legend: (Time is in decaauts)
 A = Elapsed time spent in this place.
 B = Non-inter-level travel time spent in this place.
 C = Inter-level travel time spent in this place.
 D = Time resting spent in this place.
 E = Time spent auto-exploring this place.
 F = Levels seen in this place.
 G = Mean time per level.
                   A        B        C        D        E       F      G
               +--------+--------+--------+--------+--------+-----+--------+
         Total |   1365 |   1337 |     28 |      0 |   1169 |   2 |  682.5 |
       Dungeon |   1365 |   1337 |     28 |      0 |   1169 |   2 |  682.5 |
               +--------+--------+--------+--------+--------+-----+--------+

Top non-repeatable levels by time:
     D:1: 1346 daAuts
     D:2: 18 daAuts
